cohdb
Replays
Latest Replays
All Replays
Popular Replays
Top Player Replays
Match Explorer
How It Works
Community
CoH3 Stats
Reddit
Sign in to upload your games and track your stats! →
Sign in with Steam
Match 42492430
Unlisted
Match 42492430
Overview
Messages
Build Orders
End
Panzergrenadier Squad
Selects Italian Infantry
250 Light Carrier
Panzergrenadier Squad
Construct Light Support Kompanie
Combat Half-tracks
MG34 Team
Selects Defensive Operations
Fire Support Elements
Advanced Field Repairs
Panzerjäger Mechanized Group
Flakvierling Half-track
Selects Guastatori Squad
Guastatori Squad
Veteran Squad Leaders
Construct Panzerarmee Kommand
2.5-tonne Medical Truck
Vehicle Survival Package
Selects L6/40 Light Tank Combat Group
Selects Towed Cannone da 105/28 Field Howitzer
Selects Territory Booby Traps
Armored Reserves
Tiger Heavy Tank
Rapid Advance
Selects Obice 305mm Barrage
Obice 305mm Barrage
哦嗦嘎达
.
waja0514
Peirithoos
Cpt.Nuggets
Belfegor ๏̯͡๏
Relief
2908027075
0
0
Comments
sign in to comment!
No comments posted yet!